 Dungeon Crawl Stone Soup version 0.32-a0-818-gb728d0252e (webtiles) character file.

Game seed: 12976089471236144090

2069694 sagrath the Ruinous (level 27, 156/189 HPs)
             Began as a Tengu Air Elementalist on Mar 13, 2024.
             Was the Champion of Vehumet.
             Escaped with the Orb
             ... and 4 runes on Mar 24, 2024!
             The game lasted 07:59:12 (88567 turns).

sagrath the Ruinous (Tengu Air Elementalist)       Turns: 88567, Time: 07:59:12

Health: 156/189    AC: 34    Str: 16    XL:     27
Magic:  45/45      EV: 22    Int: 38    God:    Vehumet [******]
Gold:   4192       SH:  0    Dex: 13    Spells: 5/60 levels left

rFire   + + .        k - staff of the Inquisitive Hells {Int+7 SInv Stlth+ Conj}
rCold   + + +        v - sphere of Battle
rNeg    . . .        p - +8 fire dragon scales
rPois   +            M - +2 hat
rElec   +            O - +2 cloak {rPois}
rCorr   .            h - +5 pair of gloves "Vauroliv" {rC+ SInv}
SInv    +            (boots unavailable)
Will    ++...        U - amulet of magic regeneration
Stlth   +            E - ring of Peto {rElec rC+ Int+6 Dex-3}
HPRegen 0.51/turn    W - ring of Veffiu {Wiz rC+++ Str+3 Int+3 Dex-2}
MPRegen 0.69/turn

%: acrobat, wizardry (x1)
@: flying
A: beak, talons 3, evasive flight, acrobatic, deterioration 1
0: Orb of Zot
}: 4/15 runes: slimy, silver, abyssal, gossamer
a: Renounce Religion


You escaped.
You worshipped Vehumet.
Vehumet was exalted by your worship.
You visited 11 branches of the dungeon, and saw 52 of its levels.
You visited the Abyss 1 time.
You also visited: Gauntlet.

You collected 9420 gold pieces.
You spent 5228 gold pieces at shops.

Inventory:

Missiles
 C - 4 throwing nets
Armour
 h - the +5 pair of gloves "Vauroliv" (worn) {rC+ SInv}
   (You found it on level 3 of the Realm of Zot)

   rC+:       It protects you from cold.
   SInv:      It lets you see invisible.
 p - +8 fire dragon scales (worn)
 v - the sphere of Battle (worn)
   (You found it on level 13 of the Dungeon)

   Battle:    It summons a battlesphere in combat, with strength depending on
   Conjurations skill.
   Destructive: It enhances your destructive magic, and weakens non-destructive
   magic.
 H - the +4 robe "Fees" {Dex+3 Archmagi}
   (You took it off Boris on level 2 of the Vaults)

   Dex+3:     It affects your dexterity (+3).
   Archmagi:  It increases the power of your magical spells.
 L - a scarf of repulsion
 M - a +2 hat (worn)
 O - a +2 cloak of poison resistance (worn)
Magical Staves
 k - the staff of the Inquisitive Hells (weapon) {Int+7 SInv Stlth+ Conj}
   (You found it in a Gauntlet)

   [staff of conjuration]

   Base accuracy: +5 Base damage: 5 Base attack delay: 1.2 This weapon's minimum
   attack delay (0.6) is reached at skill level 12.
   Int+7:     It affects your intelligence (+7).
   SInv:      It lets you see invisible.
   Stlth+:    It makes you more stealthy.
   Conj:      It increases the power of your Conjurations spells.
   It falls into the 'Staves' category.
   It is a one-handed weapon.
Jewellery
 j - the ring of Ihocre {Will+ rCorr EV+5 Dex+2}
   (You took it off a deep elf death mage on level 3 of the Elven Halls)

   [ring of evasion]

   EV+5:      It affects your evasion (+5).
   Dex+2:     It affects your dexterity (+2).
   Will+:     It increases your willpower.
   rCorr:     It protects you from acid and corrosion.
 n - the ring of Lies {rElec EV+5}
   (You found it in a Gauntlet)

   [ring of evasion]

   EV+5:      It affects your evasion (+5).
   rElec:     It insulates you from electricity.
 t - the ring of Puytelaaq {EV+5 Int+5}
   (You found it on level 5 of the Lair of Beasts)

   [ring of evasion]

   EV+5:      It affects your evasion (+5).
   Int+5:     It affects your intelligence (+5).
 A - the ring "Hiphetin" {rElec Str+6 Int+7}
   (You took it off a deep elf blademaster on level 3 of the Elven Halls)

   [ring of strength]

   Str+6:     It affects your strength (+6).
   Int+7:     It affects your intelligence (+7).
   rElec:     It insulates you from electricity.
 E - the ring of Peto (left hand) {rElec rC+ Int+6 Dex-3}
   (You took it off a deep elf master archer on level 3 of the Elven Halls)

   [ring of intelligence]

   Int+6:     It affects your intelligence (+6).
   Dex-3:     It affects your dexterity (-3).
   rC+:       It protects you from cold.
   rElec:     It insulates you from electricity.
 T - the macabre finger necklace {Finger+ rN+}
   (You found it on level 4 of the Lair of Beasts)

   [amulet of nothing]

   Finger+:   It enables you to equip an extra ring.
   rN+:       It protects you from negative energy.
 U - an amulet of magic regeneration (around neck)
 W - the ring of Veffiu (right hand) {Wiz rC+++ Str+3 Int+3 Dex-2}
   (You took it off a minotaur in a Gauntlet)

   [ring of wizardry]

   Wiz:       It improves your spell success rate.
   Str+3:     It affects your strength (+3).
   Int+3:     It affects your intelligence (+3).
   Dex-2:     It affects your dexterity (-2).
   rC+++:     It renders you almost immune to cold.
Wands
 P - a wand of acid (12)
 Z - a wand of digging (7)
Scrolls
 a - 4 scrolls of fear
 c - 5 scrolls of summoning
 i - 9 scrolls of immolation
 m - a scroll of silence
 q - 10 scrolls of blinking
 u - a scroll of torment
 y - 12 scrolls of revelation
 D - 11 scrolls of fog
 K - 19 scrolls of teleportation
 N - 32 scrolls of identify
 R - 8 scrolls of poison
 S - 2 scrolls of amnesia
 Y - 7 scrolls of vulnerability
Potions
 b - 6 potions of magic
 d - 9 potions of haste
 e - 7 potions of attraction
 f - 4 potions of lignification
 g - 9 potions of heal wounds
 l - 5 potions of cancellation
 r - 5 potions of enlightenment
 s - 6 potions of invisibility
 w - 23 potions of ambrosia
 z - 3 potions of berserk rage
 G - 10 potions of brilliance
 Q - 3 potions of resistance
 V - 7 potions of mutation
Miscellaneous
 x - a phantom mirror
 B - a condenser vane
 J - a sack of spiders
 X - a phial of floods


   Skills:
 + Level 23.9 Fighting
 - Level 5.0 Short Blades
 - Level 3.0(3.3) Axes
 - Level 1.8(5.7) Maces & Flails
 - Level 8.0(8.1) Staves
 - Level 0.6 Ranged Weapons
 - Level 0.4 Throwing
 - Level 16.5 Armour
 - Level 25.3 Dodging
 - Level 2.0 Stealth
 - Level 0.6 Shields
 - Level 17.1 Spellcasting
 - Level 26.2 Conjurations
 - Level 0.2 Hexes
 - Level 6.2 Summonings
 - Level 0.7 Necromancy
 - Level 1.4 Translocations
 - Level 15.0 Fire Magic
 - Level 5.0 Ice Magic
 - Level 23.2 Air Magic
 - Level 10.0 Earth Magic
 - Level 0.1 Alchemy
 - Level 0.3 Invocations
 + Level 10.0 Evocations
 * Level 4.7 Shapeshifting


You had 5 spell levels left.
You knew the following spells:

 Your Spells              Type           Power      Damage    Failure   Level
a - Spellforged Servitor  Conj/Summ      75%        N/A       1%          7
b - Maxwell's Capacitive  Air            71%        ∞         1%          8
c - Swiftness             Air            81%        N/A       0%          3
d - Airstrike             Air            71%        2d(11-27) 0%          4
g - Blink                 Tloc           42%        N/A       1%          2
h - Chain Lightning       Conj/Air       86%        3d114     1%          9
i - Lehudib's Crystal Sp  Conj/Erth      77%        10d17     1%          8
j - Fire Storm            Conj/Fire      81%        8d20      6%          9
k - Freezing Cloud        Conj/Ice/Air   77%        6-21      1%          5

Your spell library contained the following spells:

 Spells                   Type           Power      Damage    Failure   Level
 Shatter                  Erth           52%        3d39*     95%         9
 Foxfire                  Conj/Fire      100%       2x1d9     0%          1
 Kiss of Death            Conj/Necr      100%       2d13      0%          1
 Magic Dart               Conj           100%       1d8       0%          1
 Shock                    Conj/Air       100%       1d9       0%          1
 Sting                    Conj/Alch      100%       1d9       0%          1
 Mercury Vapours          Alch/Air       100%       N/A       0%          2
 Momentum Strike          Conj/Tloc      100%       3d10      0%          2
 Scorch                   Fire           100%       2d9       0%          2
 Searing Ray              Conj           100%       2d8       0%          2
 Static Discharge         Conj/Air       100%       3-8/arc   0%          2
 Hailstorm                Conj/Ice       100%       3d16      0%          3
 Mephitic Cloud           Conj/Alch/Air  100%       N/A       0%          3
 Stone Arrow              Conj/Erth      100%       3d13      0%          3
 Brom's Barrelling Bould  Conj/Erth      100%       2d11      0%          4
 Flame Wave               Conj/Fire      100%       2d21      0%          4
 Arcjolt                  Conj/Air       86%        1d96      0%          5
 Fireball                 Conj/Fire      81%        3d30      0%          5
 Iskenderun's Battlesphe  Conj           100%       2d15      0%          5
 Apportation              Tloc           42%        N/A       1%          1
 Necrotise                Necr           72%        1d7       1%          1
 Sandblast                Erth           100%       2d20      1%          1
 Slow                     Hex            68%        N/A       1%          1
 Summon Small Mammal      Summ           100%       N/A       1%          1
 Cigotuvi's Dreadful Rot  Necr/Alch/Air  92%        N/A       1%          2
 Jinxbite                 Hex            34%        N/A       1%          2
 Lesser Beckoning         Tloc           42%        N/A       1%          2
 Call Canine Familiar     Summ           39%        N/A       1%          3
 Frozen Ramparts          Ice            100%       1d16      1%          3
 Gell's Gravitas          Tloc           21%        N/A       1%          3
 Inner Flame              Hex/Fire       94%        N/A       1%          3
 Ozocubu's Armour         Ice            35%        N/A       1%          3
 Summon Ice Beast         Ice/Summ       37%        N/A       1%          3
 Teleport Other           Tloc           21%        N/A       1%          3
 Animate Armour           Summ/Erth      94%        N/A       1%          4
 Fulminant Prism          Conj/Alch      70%        3d30      1%          4
 Ignite Poison            Fire/Alch      94%        N/A       1%          4
 Sticky Flame             Fire/Alch      94%        2d14      1%          4
 Summon Blazeheart Golem  Fire/Summ      54%        N/A       1%          4
 Summon Lightning Spire   Summ/Air       64%        N/A       1%          4
 Vhi's Electric Charge    Tloc/Air       100%       N/A       1%          4
 Irradiate                Conj/Alch      70%        3d35      1%          5
 Lee's Rapid Deconstruct  Erth           52%        3d24*     1%          5
 Silence                  Hex/Air        28%        N/A       1%          5
 Fugue of the Fallen      Necr           18%        N/A       2%          3
 Vampiric Draining        Necr           18%        2d7       2%          3
 Martyr's Knell           Necr/Summ      29%        N/A       2%          4
 Confusing Touch          Hex            17%        N/A       3%          3
 Sigil of Binding         Hex            17%        N/A       3%          3
 Tukima's Dance           Hex            17%        N/A       3%          3
 Olgreb's Toxic Radiance  Alch           50%        N/A       3%          4
 Borgnjor's Vile Clutch   Necr/Erth      18%        N/A       3%          5
 Manifold Assault         Tloc           21%        N/A       6%          4
 Passage of Golubria      Tloc           21%        N/A       6%          4
 Summon Forest            Summ/Tloc      15%        N/A       6%          5
 Yara's Violent Unravell  Hex/Alch       25%        3d11      7%          5
 Anguish                  Hex/Necr       9%         N/A       9%          4
 Dispel Undead            Necr           18%        3d11      9%          4
 Summon Mana Viper        Hex/Summ       28%        N/A       9%          5
 Cause Fear               Hex            8%         N/A       10%         4
 Metabolic Englaciation   Hex/Ice        13%        N/A       11%         5
 Curse of Agony           Necr           18%        N/A       22%         5
 Alistair's Intoxication  Alch           10%        N/A       26%         5
 Conjure Ball Lightning   Conj/Air       86%        3x3d32    0%          6
 Bombard                  Conj/Erth      77%        9d12      1%          6
 Plasma Beam              Fire/Air       66%        2x1d83    1%          6
 Starburst                Conj/Fire      81%        6d21      1%          6
 Permafrost Eruption      Ice/Erth       47%        2x4d13    2%          6
 Ignition                 Fire           60%        3d16      4%          8
 Summon Cactus Giant      Summ           19%        N/A       13%         6
 Eringya's Noxious Bog    Alch           25%        4d6       32%         6
 Sculpt Simulacrum        Ice/Alch       13%        N/A       47%         6
 Monstrous Menagerie      Summ           19%        N/A       56%         7
 Summon Hydra             Summ           19%        N/A       56%         7
 Dispersal                Tloc           10%        N/A       65%         6
 Death Channel            Necr           9%         N/A       75%         6
 Enfeeble                 Hex            8%         N/A       100%        7
 Borgnjor's Revivificati  Necr           9%         N/A       100%        8
 Discord                  Hex            8%         N/A       100%        8
 Disjunction              Tloc           10%        N/A       100%        8
 Death's Door             Necr           9%         N/A       100%        9
 Dragon's Call            Summ           19%        N/A       100%        9


Dungeon Overview and Level Annotations

Branches:
Dungeon (15/15)            Temple (1/1) D:5            Lair (5/5) D:11
 Shoals (0/4) Lair:3       Spider (4/4) Lair:3        Slime (5/5) Lair:5
    Orc (2/2) D:10            Elf (3/3) Orc:2        Vaults (5/5) D:13
  Crypt (3/3) Vaults:3       Tomb (0/3) Crypt:3      Depths (4/4) D:15
    Zot (5/5) Depths:4    Gauntlet (visited)

Altars:
Ashenzari
Cheibriados
Dithmenos
Elyvilon
Fedhas
Gozag
Hepliaklqana
Kikubaaqudgha
Makhleb
Nemelex Xobeh
Okawaru
Qazlal
Ru
Sif Muna
Trog
Uskayaw
Vehumet
Wu Jian
Xom
Yredelemnul
Zin
The Shining One
Beogh
Jiyva

Shops:
D:2 !   D:5 ?   D:7 :   Orc:1 ?   Orc:2 *([!   Elf:1 ?:[   Elf:3 =
Vaults:3 (*   Vaults:4 [   Vaults:5 !??   Depths:1 **

Portals:
Hell: Depths:1 Depths:2 Depths:3 Depths:4
Abyss: Depths:2 Depths:3
Pandemonium: Depths:2 Depths:4
Ziggurat: Depths:4
Trove: Depths:4 (give 8 potions of haste)


Innate Abilities, Weirdness & Mutations

You have a beak for a mouth.
You have claws for feet.
Your magical flight helps you evade attacks. (EV +4)
You can magically evade attacks while moving or waiting.
Your body sometimes deteriorates upon taking damage.


Message History

The Executioner seems to speed up.
There is a stone staircase leading up here.
The Executioner hits you but does no damage.
The Executioner misses you. The Executioner closely misses you.
The Executioner hits you but does no damage.
The Executioner misses you.
The Executioner hits you but does no damage.
The Executioner closely misses you. x2
The Executioner hits you but does no damage.
You fly upwards.
Your summoned ally is left behind.
Your battlesphere wavers and loses cohesion.
You conjure a globe of magical energy.
There is a stone staircase leading down here.
You barely miss the Executioner. You claw the Executioner.
The Executioner is lightly wounded.
The Executioner hits you but does no damage.
The Executioner misses you.
The Executioner hits you but does no damage.
The Executioner completely misses you. x2
The Executioner hits you but does no damage.
Unknown command.
Casting: Lehudib's Crystal Spear (dangerous; 1% risk of failure)
Confirm with . or Enter, or press ? or * to list all spells.
Aiming: Lehudib's Crystal Spear (dangerous; 1% risk of failure)
Press: ? - help, Shift-Dir - straight line, f - Executioner
Aim: an Executioner (lightly wounded, fast, 76% to hit)
You feel a strong surge of power!
The crystal spear hits the Executioner!!!!
You kill the Executioner!
Vehumet accepts your kill.
You feel your power returning.
You see here a +0 dagger.
There is a stone staircase leading up here.
You fly upwards.
Your summoned ally is left behind.
Your battlesphere wavers and loses cohesion.
There is a stone staircase leading down here.
Magic restored.
There is a stone staircase leading down here.
There is a staircase leading out of the dungeon here.
You have escaped!

########'#######......##.....#
...............+......##.....#
.........#######......##.....#
...####.#P..............######
...####.#~P...........P~#
......#.#≈~P.........P~≈#
........#≈~~P.......P~~≈#
.##.....#≈≈~~P.....P~≈≈≈#
.###....#≈≈≈≈~P.@.P~~≈≈≈#
+###....#≈≈~~P.....P~~≈≈#
...#....#≈X~P.......P~≈≈#
...#....#≈≈P.........P~~#
..)'...>#~P...........P~#
...##...#P.............P#
...##.#..........########
...##.############ #####.#


You could see an Orb Guardian.

Vanquished Creatures
  Dissolution (Slime:2)
  the Royal Jelly (Slime:5)
  6 dread liches
  4 orbs of fire
  The ghost of Uzask the Sorcerer, a master HuWn of Vehumet (Zot:3)
  Mara (Depths:2)
  Mennas (Crypt:1)
  Xtahua (Vaults:5)
  4 Killer Klowns (Zot:5)
  Boris (4 times) (Vaults:2 Vaults:4 Depths:3 Vaults:5)
  3 curse toes
  Margery (Crypt:2)
  A caustic shrike (Depths:2)
  12 golden dragons
  the Enchantress (Depths:2)
  A bone dragon (Vaults:4)
  A shard shrike zombie (Crypt:3)
  2 hellephants
  6 electric golems
  10 tentacled monstrosities
  A Tzitzimitl (Depths:4)
  Zenata (Vaults:3)
  Asterion (Depths:2)
  2 walking crystal tomes (Depths:3)
  Jorgrun (Spider:2)
  22 Orb Guardians
  A walking earthen tome (Depths:2)
  A Hell Sentinel (D:3)
  2 deep elf master archers (Elf:3)
  6 quicksilver dragons
  2 deep elf blademasters (Elf:3)
  6 liches
  5 titans
  6 sphinxes
  A walking frostbound tome (Depths:2)
  22 acid blobs
  8 death cobs
  The ghost of Ikkaivui the Peltast, an adept FoFi of Gozag (D:13)
  5 tentacled starspawn
  5 ancient champions
  An Executioner (D:2)
  18 storm dragons
  Agnes (D:15)
  12 shadow dragons
  13 tengu reavers
  14 azure jellies
  8 rockslimes
  3 revenants (Crypt:3)
  2 daevas
  5 draconian monks
  3 protean progenitors
  7 frost giants
  24 vault wardens
  6 emperor scorpions
  8 draconian shifters
  14 fire giants
  2 balrugs
  2 deep elf sorcerers
  6 draconian knights
  5 draconian scorchers
  2 curse skulls (Crypt:3)
  2 iron dragons
  21 ironbound preservers
  3 deep elf elementalists (Elf:3)
  11 ghost moths
  A cacodemon (Abyss:3)
  2 reapers
  2 orc warlords
  21 stone giants
  5 ghouls
  4 draconian stormcallers
  A caustic shrike skeleton (Vaults:4)
  9 spriggan defenders
  19 very ugly things
  A demonspawn blood saint (Depths:2)
  The ghost of nuthulu the Warrior, a journeyman MiFi of Okawaru (Lair:3)
  9 broodmothers
  10 vampire knights
  3 formless jellyfish
  3 draconian annihilators
  12 quicksilver oozes
  2 dire elephants
  7 black draconians
  8 ironbound thunderhulks
  5 deep elf demonologists
  13 deep elf death magi
  3 lorocyprocas
  6 yellow draconians
  4 green draconians
  3 deep elf annihilators (Elf:3)
  A demonspawn black sun (Depths:2)
  16 white draconians
  10 spark wasps
  Azrael (D:12)
  3 war gargoyles
  11 purple draconians
  9 red draconians
  A minotaur (Gauntlet)
  6 eidola
  18 ettins
  3 green deaths
  2 crystal guardians
  9 fire dragons
  13 yaktaur captains
  7 entropy weavers
  5 deep elf high priests
  6 ice dragons
  Harold (D:10)
  9 rakshasas
  14 jiangshi
  2 jorogumos
  14 great orbs of eyes
  39 vault guards
  8 hydras
  8 ogre magi
  Erica (D:10)
  3 ghost crabs (Vaults:4)
  A spriggan skeleton (Vaults:4)
  A peacekeeper (Vaults:3)
  A merfolk avatar (Abyss:3)
  7 spriggan air magi
  16 two-headed ogres
  17 centaur warriors
  2 catoblepae
  25 dancing weapons
  A spectral stone giant (Crypt:3)
  8 radroaches
  5 boulder beetles
  9 ironbound frosthearts
  A bennu skeleton (Crypt:2)
  7 deep troll shamans
  10 vampire magi
  10 demonic crawlers
  2 death scarabs (Gauntlet)
  10 tengu warriors
  9 deep troll earth magi
  A spectral dire elephant (Crypt:3)
  3 death yaks (Lair:3)
  8 occultists
  A shock serpent (shapeshifter) (Vaults:5)
  3 orc high priests (Orc:2)
  6 spriggan berserkers
  4 thrashing horrors
  13 deep elf knights
  9 hell knights
  8 sun demons
  5 soul eaters
  3 wretched stars
  2 iron trolls (Depths:2)
  2 pharaoh ants
  2 fire crabs (Vaults:4)
  Lodul (D:12)
  2 sixfirhies
  A storm dragon skeleton (Crypt:3)
  2 sea snakes (Vaults:4)
  14 shadow wraiths (Crypt:3)
  2 death drakes (Vaults:4)
  18 skeletal warriors
  63 deep trolls
  A spectral hydra (Gauntlet)
  2 mana vipers (Vaults:4)
  A spatial maelstrom (Abyss:2)
  An orb spider (shapeshifter) (Depths:1)
  A deep troll (shapeshifter) (Vaults:5)
  2 bog bodies
  14 deep elf archers
  3 thermic dynamos
  12 orb spiders
  8 flayed ghosts
  7 arcanists
  5 glowing orange brains
  25 phantasmal warriors
  3 sun moths
  A spriggan simulacrum (Crypt:1)
  5 steelbarb worms
  9 necromancers
  19 ironbound convokers
  23 starcursed masses
  23 deep elf pyromancers
  A golden dragon skeleton (Vaults:4)
  18 orc knights
  An obsidian bat (Abyss:1)
  Pikel (D:6)
  10 lindwurms
  36 deep elf zephyrmancers
  2 orc sorcerers
  24 wolf spiders
  5 manticores
  7 shining eyes
  45 ugly things
  An oklob plant (Lair:2)
  4 cyclopes
  A tengu skeleton (Depths:2)
  A steelbarb worm (shapeshifter) (D:15)
  2 will-o-the-wisps
  A jorogumo skeleton (Crypt:3)
  36 moths of wrath
  A worldbinder (Abyss:2)
  A fire giant zombie (Depths:2)
  Maurice (D:12)
  A meliai (shapeshifter) (Vaults:5)
  An elephant (shapeshifter) (Vaults:5)
  4 meliai
  A stone giant skeleton (Crypt:1)
  14 large abominations
  3 kobold blastminers (Orc:2)
  A merfolk siren (Lair:3)
  4 elephants (Lair:4)
  A formless jellyfish zombie (Crypt:1)
  A black mamba (Lair:3)
  2 smoke demons
  An apocalypse crab (Abyss:1)
  2 orange demons
  3 ice statues
  A fire giant skeleton (Depths:2)
  2 molten gargoyles (Vaults:4)
  3 eyes of devastation
  2 eyes of devastation (shapeshifter) (Vaults:5)
  2 gargoyles
  4 torpor snails
  15 cane toads
  18 vault sentinels
  A centaur skeleton (Crypt:1)
  A storm dragon simulacrum (Crypt:1)
  4 hellions
  15 freezing wraiths
  5 komodo dragons
  5 efreet
  34 yaktaurs
  4 rime drakes
  4 ancient zymes
  A bunyip simulacrum (Vaults:4)
  2 tengu conjurers (D:15)
  2 golden dragon simulacra (Vaults:4)
  An orb spider zombie (Crypt:1)
  A silent spectre (Abyss:2)
  A polar bear (shapeshifter) (Vaults:5)
  A queen bee (Lair:1)
  4 trolls
  2 merfolk (Lair:3)
  A polar bear (Lair:2)
  2 tyrant leeches
  A harpy skeleton (Crypt:3)
  17 tarantellas
  A tengu simulacrum (Vaults:4)
  A blink frog (shapeshifter) (Vaults:5)
  5 hellwings
  7 hornets
  5 glass eyes
  A guardian serpent zombie (Crypt:2)
  5 dream sheep (Lair:3)
  16 blink frogs
  A tarantella zombie (Crypt:2)
  3 raiju
  3 air elementals
  24 jumping spiders
  A vampire (D:10)
  15 culicivoras
  90 slime creatures
  A spectral black mamba (Gauntlet)
  3 spriggans
  9 water elementals
  An ettin skeleton (Crypt:3)
  A human (shapeshifter) (D:13)
  8 shadows
  18 wraiths
  3 ynoxinuls
  2 wyverns
  2 alligator snapping turtle simulacra (Vaults:4)
  10 fire elementals
  17 yaks
  2 basilisks
  A black mamba skeleton (Crypt:3)
  2 neqoxecs
  8 wargs
  10 golden eyes
  A golden eye (shapeshifter) (Vaults:5)
  73 redbacks
  3 vampire mosquitoes (Lair:5)
  6 chaos spawn
  A two-headed ogre zombie (D:10)
  A spectral cane toad (Gauntlet)
  A fire bat skeleton (Crypt:1)
  2 hydra simulacra (Vaults:4)
  14 water moccasins
  An ice beast (D:8)
  3 black bears
  28 orc warriors
  12 ogres
  22 laughing skulls
  2 orc zombies (D:10)
  2 sky beasts
  6 small abominations
  A blink frog zombie (Crypt:2)
  A fire dragon simulacrum (Vaults:4)
  11 wolves
  11 centaurs
  A snapping turtle skeleton (Crypt:2)
  2 lemures (D:6)
  An elf zombie (Crypt:1)
  A lindwurm skeleton (Crypt:2)
  8 weeping skulls (Crypt:3)
  8 gnoll sergeants
  11 bullfrogs
  A glowing shapeshifter simulacrum (Vaults:4)
  A draconian skeleton (Crypt:1)
  2 scorpions
  3 earth elementals
  3 wights
  9 killer bees
  A snapping turtle simulacrum (Vaults:4)
  A troll zombie (Crypt:1)
  2 howler monkeys
  5 electric eels
  A bombardier beetle (D:3)
  A lava snake (Vaults:4)
  A hound (shapeshifter) (Vaults:5)
  2 quasits (Abyss:2)
  20 orc priests
  5 gnoll boudas
  2 jellies
  Crazy Yiuf (D:7)
  4 scrub nettles (Lair:3)
  A basilisk zombie (Crypt:1)
  7 hounds
  5 sleepcaps
  A basilisk skeleton (Crypt:1)
  5 iguanas
  16 orc wizards
  A deep dwarf skeleton (Crypt:1)
  45 gnolls
  8 adders
  5 white imps
  7 ufetubi
  4 ribbon worms
  57 orcs
  8 endoplasms
  4 giant cockroaches
  8 goblins
  7 hobgoblins
  3 jackals (D:5)
  8 kobolds
  4 quokkas
  5 ball pythons
  A ball python skeleton (Crypt:2)
  5 bats
  7 frilled lizards
  A frilled lizard zombie (Crypt:1)
  9 rats
  5 aspiring fleshes
  A fire vortex (Abyss:1)
  2 lurking horrors (Abyss:1)
  2 starspawn tentacles
2419 creatures vanquished.

Vanquished Creatures (collateral kills)
  A golden dragon (Zot:2)
  2 tentacled monstrosities
  4 Orb Guardians (Zot:5)
  A death cob (Zot:2)
  2 shadow dragons (Zot:3)
  2 storm dragons
  A protean progenitor (Zot:1)
  2 draconian knights
  A draconian shifter (Zot:2)
  2 orc warlords
  2 draconian scorchers
  3 ironbound preservers
  3 black draconians
  4 red draconians
  A green draconian (Zot:3)
  3 yellow draconians
  5 purple draconians
  A fire dragon (Depths:1)
  Josephine (Lair:5)
  2 green deaths (Abyss:1)
  A yaktaur captain (Vaults:2)
  2 peacekeepers (Vaults:2)
  3 vault guards
  2 hydras
  2 centaur warriors (Vaults:2)
  A dancing weapon (Zot:3)
  3 death yaks (Lair:3)
  2 two-headed ogres
  A boulder beetle (Lair:4)
  2 orc high priests (Orc:2)
  Nergalle (D:12)
  A skyshark (Lair:4)
  A goliath frog (Lair:5)
  7 deep trolls
  An arcanist (Gauntlet)
  2 ironbound convokers
  8 orc knights
  An orb spider (Spider:3)
  3 orc sorcerers (Orc:1)
  3 wolf spiders
  An ugly thing (Vaults:4)
  A large abomination (Abyss:1)
  2 cyclopes
  A manticore (D:11)
  A vault sentinel (Vaults:2)
  A moth of wrath (Spider:2)
  2 elephants (Lair:4)
  A kobold blastminer (Orc:2)
  11 cane toads
  3 yaktaurs
  A rime drake (Lair:3)
  2 komodo dragons
  An efreet (Abyss:3)
  2 tyrant leeches
  A merfolk (Lair:3)
  A troll (D:13)
  2 polar bears
  2 hornets
  A hydra skeleton (Abyss:1)
  A raiju (Abyss:1)
  4 blink frogs
  3 tarantellas
  2 jumping spiders (Spider:4)
  5 slime creatures
  A spriggan (Depths:2)
  A naga simulacrum (Abyss:1)
  2 wraiths (Lair:5)
  3 wyverns
  18 yaks
  3 basilisks
  A neqoxec (Abyss:1)
  2 redbacks
  2 vampire mosquitoes (Lair:5)
  7 water moccasins
  A hell hound (D:12)
  An ice beast (D:8)
  A black bear (Lair:4)
  15 orc warriors
  2 ogres
  4 wolves
  4 centaurs (D:13)
  A weeping skull (Abyss:1)
  11 bullfrogs
  2 gnoll sergeants (D:9)
  A small abomination (Abyss:1)
  21 killer bees
  A jelly (Gauntlet)
  9 orc priests
  A starcursed mass (Abyss:1)
  3 scrub nettles
  2 orc wizards
  6 gnolls
  2 white imps
  2 ufetubi
  25 orcs
  A starspawn tentacle (Abyss:1)
298 creatures vanquished.

Vanquished Creatures (others)
  A deep elf knight (Elf:2)
  A deep elf zephyrmancer (Elf:1)
  A vault sentinel (Vaults:2)
  A shadow (D:12)
  An air elemental (Abyss:3)
  A water elemental (D:12)
  4 ogres (D:12)
  4 electric eels (D:12)
  2 gnolls (D:12)
  An orc (Orc:1)
  29 fire vortices
  A lurking horror (Abyss:3)
  3 starspawn tentacles
50 creatures vanquished.

Grand Total: 2767 creatures vanquished

Notes
Turn   | Place    | Note
-------+----------+-------------------------------------------
     0 | D:1      | sagrath the Tengu Air Elementalist began the quest for the
                  | Orb.
     0 | D:1      | Reached XP level 1. HP: 10/10 MP: 4/4
   213 | D:1      | Reached XP level 2. HP: 15/15 MP: 4/6
   263 | D:1      | Learned a level 2 spell: Static Discharge
   415 | D:1      | Reached skill level 5 in Air Magic
   815 | D:2      | Reached XP level 3. HP: 19/19 MP: 4/7
   901 | D:2      | Found Fedgh's Distillery.
   935 | D:2      | Bought a potion of degeneration for 13 gold pieces
   965 | D:2      | Reached skill level 1 in Short Blades
  1041 | D:2      | Found an opulent altar of Gozag.
  1510 | D:3      | Found an opulent altar of Gozag.
  1533 | D:3      | Reached XP level 4. HP: 14/24 MP: 3/8
  1543 | D:3      | Reached skill level 2 in Conjurations
  1579 | D:3      | Learned a level 3 spell: Swiftness
  1642 | D:3      | Found a faded altar of an unknown god.
  1837 | D:3      | Reached XP level 5. HP: 23/28 MP: 2/9
  2291 | D:3      | Reached skill level 3 in Conjurations
  2291 | D:3      | Reached XP level 6. HP: 30/32 MP: 3/10
  2988 | D:4      | Reached skill level 1 in Maces & Flails
  3635 | D:5      | Entered Level 5 of the Dungeon
  3735 | D:5      | Gained mutation: Your magical flight helps you evade
                  | attacks. (EV +4) [Tengu growth]
  3735 | D:5      | Reached XP level 7. HP: 34/36 MP: 3/11
  3832 | D:5      | Reached skill level 4 in Conjurations
  3886 | D:5      | Learned a level 4 spell: Airstrike
  4225 | D:5      | Found Janybeal's Magic Scroll Emporium.
  4321 | D:5      | Bought a scroll of blinking for 112 gold pieces
  4565 | D:5      | Reached XP level 8. HP: 31/41 MP: 12/12
  4653 | D:5      | Reached skill level 10 in Air Magic
  5062 | D:5      | Found a staircase to the Ecumenical Temple.
  5359 | D:6      | Reached skill level 5 in Short Blades
  5479 | D:6      | Learned a level 3 spell: Stone Arrow
  5893 | D:6      | Noticed Pikel
  5904 | D:6      | Reached skill level 1 in Earth Magic
  5904 | D:6      | Reached XP level 9. HP: 46/46 MP: 10/16
  5912 | D:6      | Killed Pikel
  5913 | D:6      | Reached skill level 5 in Conjurations
  6948 | D:7      | Reached skill level 6 in Conjurations
  7117 | D:7      | Found Xoidwu's Book Shoppe.
  7209 | D:7      | Found a runed translucent door.
  7210 | D:7      | Noticed Crazy Yiuf
  7316 | D:7      | Reached skill level 1 in Fighting
  7474 | D:7      | Reached skill level 7 in Conjurations
  8175 | D:7      | Learned a level 4 spell: Summon Lightning Spire
  8240 | D:7      | Reached skill level 5 in Spellcasting
  8369 | D:7      | Killed Crazy Yiuf
  8480 | D:8      | Reached skill level 1 in Summonings
  8520 | D:8      | Noticed a hornet
  8626 | D:8      | Killed a hornet
  8627 | D:8      | Reached skill level 5 in Dodging
  8627 | D:8      | Reached XP level 10. HP: 52/52 MP: 3/19
  8714 | Temple   | Entered the Ecumenical Temple
  8765 | Temple   | Became a worshipper of Vehumet
  9782 | D:8      | You are sucked into a shaft and drop 1 floor!
 10430 | D:9      | Found a sacrificial altar of Ru.
 11049 | D:2      | Bought a potion of curing for 39 gold pieces
 11049 | D:2      | Bought a potion of brilliance for 52 gold pieces
 11049 | D:2      | Bought a potion of lignification for 39 gold pieces
 11049 | D:2      | Bought a potion of might for 52 gold pieces
 11049 | D:2      | Bought a potion of heal wounds for 65 gold pieces
 11138 | D:5      | Bought a scroll of teleportation for 45 gold pieces
 11138 | D:5      | Bought a scroll of amnesia for 60 gold pieces
 11138 | D:5      | Bought a scroll of fog for 60 gold pieces
 11249 | D:10     | Entered Level 10 of the Dungeon
 11415 | D:10     | Noticed a two-headed ogre
 11419 | D:10     | Killed a two-headed ogre
 11420 | D:10     | Reached skill level 5 in Summonings
 11495 | D:10     | Noticed a two-headed ogre
 11500 | D:10     | Killed a two-headed ogre
 11500 | D:10     | Reached * piety under Vehumet
 11500 | D:10     | Offered knowledge of Freeze by Vehumet.
 11501 | D:10     | Reached skill level 8 in Conjurations
 11605 | D:10     | Found a transporter.
 11605 | D:10     | Found the +7 great mace "Undeadhunter" {deathbane, rN+}
 11709 | D:10     | Reached XP level 11. HP: 57/57 MP: 8/22
 11819 | D:10     | Noticed Erica
 11823 | D:10     | Killed Erica
 11824 | D:10     | Reached skill level 9 in Conjurations
 11902 | D:10     | Noticed Harold
 11906 | D:10     | Killed Harold
 12104 | D:10     | Found a transporter.
 12135 | D:10     | Noticed a boulder beetle
 12143 | D:10     | Killed a boulder beetle
 12144 | D:10     | Reached skill level 1 in Armour
 12250 | D:10     | Got the Quarto of Chemical Points
 12300 | D:10     | Found a staircase to the Orcish Mines.
 12631 | D:11     | Reached skill level 10 in Conjurations
 12843 | D:11     | Found a staircase to the Lair.
 12965 | D:11     | Noticed a two-headed ogre
 12968 | D:11     | Killed a two-headed ogre
 13264 | D:11     | Noticed a manticore
 13269 | D:11     | Killed a manticore
 13781 | D:12     | Noticed Nergalle
 13784 | D:12     | Noticed a cyclops
 13785 | D:12     | Killed Nergalle
 13786 | D:12     | Reached skill level 5 in Armour
 13787 | D:12     | Killed a cyclops
 13998 | D:12     | Noticed Maurice
 13999 | D:12     | Reached XP level 12. HP: 48/64 MP: 2/23
 14579 | D:12     | Reached ** piety under Vehumet
 14579 | D:12     | Offered knowledge of Mercury Vapours by Vehumet.
 14778 | D:12     | Reached skill level 1 in Evocations
 15008 | D:12     | Something stole a ring of protection from cold
 15009 | D:12     | Something stole a staff of earth
 15010 | D:12     | Something stole 5 darts of dispersal
 15016 | D:12     | Something stole 196 gold
 15017 | D:12     | Noticed Azrael
 15201 | Lair:1   | Entered Level 1 of the Lair of Beasts
 15441 | Lair:1   | Offered knowledge of Mephitic Cloud by Vehumet.
 15506 | Lair:1   | Found a gate leading to a gauntlet.
 15515 | Gauntlet | Entered a Gauntlet
 15515 | Gauntlet | Found a transporter.
 15515 | Gauntlet | Found a transporter.
 15515 | Gauntlet | Found a transporter.
 15616 | Gauntlet | Found a transporter.
 15619 | Gauntlet | Found a transporter.
 15627 | Gauntlet | Found a transporter.
 15630 | Gauntlet | Found a transporter.
 15635 | Gauntlet | Noticed a great orb of eyes
 15640 | Gauntlet | Found a transporter.
 15654 | Gauntlet | Noticed a death scarab
 15658 | Gauntlet | Found a transporter.
 15674 | Gauntlet | Noticed a death scarab
 15678 | Gauntlet | Found a transporter.
 15679 | Gauntlet | Found a transporter.
 15689 | Gauntlet | Found a transporter.
 15840 | Gauntlet | Reached *** piety under Vehumet
 15885 | Gauntlet | Identified the +0 helmet of Cocytus {Harm Will++ Int+4}
 15976 | Gauntlet | Identified the ring of Lies {rElec EV+5}
 15983 | Gauntlet | Killed a death scarab
 15984 | Gauntlet | Reached skill level 1 in Axes
 15984 | Gauntlet | Killed a death scarab
 16128 | Gauntlet | Identified the ring of Veffiu {Wiz rC+++ Str+3 Int+3 Dex-2}
 16128 | Gauntlet | Noticed a minotaur
 16138 | Gauntlet | Killed a minotaur
 16139 | Gauntlet | Reached skill level 5 in Fighting
 16152 | Gauntlet | Identified the staff of the Inquisitive Hells {Int+7 SInv
                  | Stlth+ Conj}
 16153 | Gauntlet | Got Sif Muna's Disquisition on Translocational Calling
 16481 | Lair:1   | Offered knowledge of Dazzling Flash by Vehumet.
 16673 | Lair:1   | Reached skill level 10 in Armour
 16870 | Lair:1   | Reached XP level 13. HP: 68/73 MP: 5/24
 17042 | Lair:1   | Reached **** piety under Vehumet
 18104 | Lair:2   | Learned a level 2 spell: Blink
 18131 | Lair:2   | Identified the +3 leather armour of the Sparrow {rPois
                  | Regen+ MP+9 Dex+3}
 18210 | Lair:2   | Offered knowledge of Iskenderun's Battlesphere by Vehumet.
 18217 | Lair:2   | Learned a level 5 spell: Iskenderun's Battlesphere
 19129 | Lair:3   | Reached skill level 11 in Conjurations
 19448 | Lair:3   | Found a staircase to the Shoals.
 19454 | Lair:3   | Reached ***** piety under Vehumet
 19459 | Lair:3   | Offered knowledge of Ozocubu's Refrigeration by Vehumet.
 19774 | Lair:3   | Found a transporter.
 19799 | Lair:3   | Noticed nuthulu's ghost (journeyman MiFi)
 19843 | Lair:3   | Found a transporter.
 19913 | Lair:3   | Reached skill level 12 in Conjurations
 20188 | Lair:3   | Reached skill level 13 in Conjurations
 20260 | Lair:3   | Found a hole to the Spider Nest.
 20732 | Lair:4   | Reached XP level 14. HP: 83/83 MP: 2/25
 20977 | Lair:4   | Reached skill level 14 in Conjurations
 21723 | Lair:4   | Reached skill level 15 in Conjurations
 22014 | Lair:4   | Found the macabre finger necklace {Finger+ rN+}
 22357 | Lair:5   | Entered Level 5 of the Lair of Beasts
 22626 | Lair:5   | Offered knowledge of Plasma Beam by Vehumet.
 22693 | Lair:5   | Reached skill level 1 in Staves
 22968 | Lair:5   | Learned a level 6 spell: Plasma Beam
 23256 | Lair:5   | Reached skill level 1 in Fire Magic
 23267 | Lair:5   | Noticed Josephine
 23276 | Lair:5   | Killed Josephine
 23277 | Lair:5   | Reached skill level 10 in Dodging
 23625 | Lair:5   | Identified the ring of Puytelaaq {EV+5 Int+5}
 23841 | Lair:5   | Found a viscous altar of Jiyva.
 23841 | Lair:5   | Found a staircase to the Slime Pits.
 24124 | Orc:1    | Entered Level 1 of the Orcish Mines
 24124 | Orc:1    | Noticed an orc warlord
 24590 | D:10     | Offered knowledge of Eringya's Noxious Bog by Vehumet.
 24594 | D:10     | Killed an orc warlord
 24972 | Orc:1    | Reached skill level 5 in Fire Magic
 25046 | Orc:1    | Upgraded the game from 0.32-a0-699-g1ee5eff69a to
                  | 0.32-a0-705-g60f233581c
 25345 | Orc:1    | Reached XP level 15. HP: 89/89 MP: 9/28
 25572 | Orc:1    | Found Noonant's Magic Scroll Shop.
 25575 | Orc:1    | Bought a scroll of identify for 20 gold pieces
 25575 | Orc:1    | Bought a scroll of identify for 20 gold pieces
 25575 | Orc:1    | Bought a scroll of blinking for 75 gold pieces
 25578 | Orc:1    | Bought a scroll of teleportation for 30 gold pieces
 25602 | Orc:1    | Found a roughly hewn altar of Beogh.
 25679 | Orc:2    | Entered Level 2 of the Orcish Mines
 25679 | Orc:2    | Found a staircase to the Elven Halls.
 25808 | Orc:2    | Reached skill level 1 in Translocations
 26401 | Orc:1    | Paralysed by an orc sorcerer for 4 turns
 26763 | Orc:2    | Reached skill level 16 in Conjurations
 26950 | Orc:2    | Offered knowledge of Bombard by Vehumet.
 27088 | Orc:2    | Reached ****** piety under Vehumet
 27956 | Orc:2    | Reached skill level 17 in Conjurations
 28019 | Orc:2    | Found Kok Xipp's Assorted Antiques.
 28022 | Orc:2    | Found Deehicam's Antique Armour Shoppe.
 28023 | Orc:2    | Found Ona Yli's Distillery.
 28024 | Orc:2    | Found Hyoridu's Antique Weapon Emporium.
 28031 | Orc:2    | Bought a scroll of blinking for 270 gold pieces
 28031 | Orc:2    | Bought a scroll of blinking for 270 gold pieces
 28031 | Orc:2    | Bought a scroll of amnesia for 144 gold pieces
 28035 | Orc:2    | Bought a potion of heal wounds for 90 gold pieces
 28035 | Orc:2    | Bought a potion of heal wounds for 90 gold pieces
 28035 | Orc:2    | Bought a potion of invisibility for 144 gold pieces
 28035 | Orc:2    | Bought a potion of haste for 180 gold pieces
 28537 | D:13     | Found a transporter.
 28544 | D:13     | Noticed a frost giant
 28545 | D:13     | Noticed Ikkaivui's ghost (adept FoFi)
 28549 | D:13     | Found a transporter.
 28616 | D:13     | Found the sphere of Battle
 28953 | D:13     | Reached skill level 10 in Fighting
 29105 | D:13     | Noticed a tengu reaver
 29107 | D:13     | Killed a tengu reaver
 29364 | D:13     | Identified the +5 scale mail of the Guilds {+Inv Int-5
                  | SInv}
 29500 | D:13     | Found a gate to the Vaults.
 29526 | D:13     | Reached skill level 10 in Spellcasting
 29526 | D:13     | Reached XP level 16. HP: 98/98 MP: 7/31
 29538 | D:13     | Learned a level 6 spell: Bombard
 30262 | Spider:1 | Entered Level 1 of the Spider Nest
 30273 | Spider:1 | Offered knowledge of Starburst by Vehumet.
 32353 | Spider:2 | Noticed Jorgrun
 32357 | Spider:2 | Killed Jorgrun
 32962 | Spider:2 | Offered knowledge of Conjure Ball Lightning by Vehumet.
 33408 | Spider:2 | Learned a level 5 spell: Fireball
 33578 | Spider:2 | Found a roughly hewn altar of Beogh.
 33717 | Spider:2 | Reached skill level 5 in Staves
 34379 | Spider:3 | Reached XP level 17. HP: 106/106 MP: 17/34
 34536 | Spider:3 | Offered knowledge of Maxwell's Capacitive Coupling by
                  | Vehumet.
 35282 | Spider:3 | Identified the +5 halberd of Insufficient Pleasure
                  | {antimagic, Str+5}
 35459 | Spider:4 | Entered Level 4 of the Spider Nest
 36116 | Spider:4 | Reached skill level 10 in Fire Magic
 37098 | Spider:4 | Got a gossamer rune of Zot
 37800 | D:12     | Reached XP level 18. HP: 112/112 MP: 35/35
 37838 | D:13     | Upgraded the game from 0.32-a0-705-g60f233581c to
                  | 0.32-a0-747-gc8563f6773
 37848 | D:13     | Killed Ikkaivui's ghost
 38009 | Vaults:1 | Entered Level 1 of the Vaults
 38917 | Vaults:1 | Offered knowledge of Fire Storm by Vehumet.
 38917 | Vaults:1 | Offered knowledge of Shatter by Vehumet.
 38917 | Vaults:1 | Offered knowledge of Chain Lightning by Vehumet.
 39630 | Vaults:1 | Reached skill level 15 in Air Magic
 39973 | Vaults:1 | Reached skill level 18 in Conjurations
 40444 | Vaults:2 | Identified the +4 robe "Fees" {Dex+3 Archmagi}
 40444 | Vaults:2 | Noticed Boris
 40455 | Vaults:2 | Killed Boris
 40943 | Vaults:1 | Reached XP level 19. HP: 105/117 MP: 4/37
 40943 | Vaults:1 | Upgraded the game from 0.32-a0-747-gc8563f6773 to
                  | 0.32-a0-768-g0f6f1dd4b9
 41649 | Vaults:2 | Reached skill level 19 in Conjurations
 41874 | Vaults:2 | Learned a level 9 spell: Chain Lightning
 42288 | Vaults:2 | Got the Volume of the Impact
 43051 | Vaults:3 | Found Mami Xed's Assorted Antiques.
 43200 | Vaults:3 | Noticed Zenata
 43203 | Vaults:3 | Killed Zenata
 43848 | Vaults:3 | Reached skill level 20 in Conjurations
 44141 | Vaults:3 | Reached XP level 20. HP: 100/123 MP: 18/38
 44501 | Vaults:3 | Found Potzicit's Weapon Shoppe.
 44878 | Vaults:3 | Found a staircase to the Crypt.
 44878 | Vaults:3 | Found an ancient bone altar of Kikubaaqudgha.
 44878 | Vaults:3 | Found a basalt altar of Yredelemnul.
 46047 | Vaults:4 | Identified the +2 robe of Vyck {rElec rC+}
 46047 | Vaults:4 | Noticed Boris
 46325 | Vaults:4 | Killed Boris
 46484 | Vaults:4 | Reached skill level 15 in Fighting
 47164 | Vaults:4 | Got the Book of Accelerants
 47673 | Vaults:4 | Got Kinket's Encyclopedia of Toxins
 47739 | Vaults:4 | Found Xigutwuu's Armour Emporium.
 47770 | Vaults:4 | Noticed a bone dragon
 48044 | Vaults:4 | Reached XP level 21. HP: 136/136 MP: 34/39
 48188 | Vaults:4 | Got the Parchment of the End
 48318 | Vaults:4 | Bought a +2 pair of gloves of dexterity for 365 gold pieces
 48387 | Vaults:4 | Killed a bone dragon
 48583 | Vaults:4 | Got the Parchment of Mortality
 50220 | D:15     | Entered Level 15 of the Dungeon
 50220 | D:15     | Noticed Agnes
 50222 | D:15     | Killed Agnes
 50318 | D:15     | Learned a level 5 spell: Freezing Cloud
 50907 | D:15     | Identified the ring "Unlaosk" {Ice ^Drain Int+4}
 51196 | D:15     | Found a staircase to the Depths.
 51509 | Depths:1 | Entered Level 1 of the Depths
 51546 | D:15     | Reached skill level 15 in Spellcasting
 52798 | Depths:1 | Upgraded the game from 0.32-a0-768-g0f6f1dd4b9 to
                  | 0.32-a0-779-g362cfcae2a
 52813 | Depths:1 | Found Gojuahuck's Island Escapes.
 52826 | Depths:1 | Bought a scroll of blinking for 112 gold pieces
 52826 | Depths:1 | Bought a scroll of blinking for 112 gold pieces
 52826 | Depths:1 | Bought a scroll of blinking for 112 gold pieces
 52826 | Depths:1 | Bought a scroll of teleportation for 45 gold pieces
 52826 | Depths:1 | Bought a scroll of teleportation for 45 gold pieces
 52826 | Depths:1 | Bought a potion of invisibility for 120 gold pieces
 52909 | Depths:1 | Found a gateway to Hell.
 52979 | Depths:1 | Found Opli's Assorted Antiques.
 53403 | Depths:2 | Noticed the Enchantress
 53407 | Depths:2 | Reached XP level 22. HP: 115/142 MP: 5/43
 53419 | Depths:2 | Killed the Enchantress
 53678 | Depths:2 | Reached skill level 1 in Ice Magic
 53971 | Depths:2 | Found a stormy altar of Qazlal.
 54145 | Depths:2 | Found a one-way gate to the infinite horrors of the Abyss.
 54145 | Depths:2 | Found a one-way gate leading to the halls of Pandemonium.
 54178 | Depths:2 | Noticed Mara
 54180 | Depths:2 | Killed Mara
 54447 | Depths:2 | Found a basalt altar of Yredelemnul.
 54447 | Depths:2 | Found a shimmering blue altar of Sif Muna.
 54524 | Depths:2 | Reached skill level 15 in Dodging
 54539 | Depths:2 | Noticed Asterion
 54541 | Depths:2 | Killed Asterion
 55426 | Depths:2 | Noticed a caustic shrike
 55547 | Depths:2 | Killed a caustic shrike
 55892 | Depths:2 | Noticed a golden dragon
 55904 | Depths:2 | Killed a golden dragon
 56591 | Depths:3 | Identified the +3 robe "Ynuicrie" {Harm rN++ Will+ Int-2}
 56591 | Depths:3 | Noticed Boris
 56595 | Depths:3 | Killed Boris
 56809 | Depths:3 | Reached XP level 23. HP: 137/155 MP: 14/44
 57403 | Depths:3 | Noticed a golden dragon
 57406 | Depths:3 | Killed a golden dragon
 57775 | Depths:3 | Learned a level 8 spell: Lehudib's Crystal Spear
 58085 | Depths:4 | Entered Level 4 of the Depths
 59287 | Depths:4 | Found a portal to a secret trove of treasure.
 59444 | Depths:4 | Reached skill level 5 in Earth Magic
 59611 | Depths:4 | Found a gate to the Realm of Zot.
 59756 | Depths:4 | Found a stormy altar of Qazlal.
 59845 | Depths:4 | Found a one-way gateway to a ziggurat.
 60549 | Elf:1    | Entered Level 1 of the Elven Halls
 60797 | Elf:1    | Found Pudigoac's Magic Scroll Shop.
 61330 | Elf:1    | Reached skill level 5 in Ice Magic
 61461 | Elf:1    | Found a transporter.
 61470 | Elf:1    | Found Ijoreg's Antique Armour Shoppe.
 61474 | Elf:1    | Found Fidutwir's Book Shop.
 61482 | Elf:1    | Bought a manual of Fighting for 1200 gold pieces
 61497 | Elf:1    | Found a transporter.
 61520 | Elf:1    | Bought an embroidered hat for 294 gold pieces
 62392 | Elf:2    | Reached XP level 24. HP: 163/163 MP: 44/44
 62417 | Elf:2    | Identified the +1 scale mail "Quase" {rF+ rN+ Will+ Int+2}
 62826 | Elf:2    | Found a huge runed translucent gate.
 62826 | Elf:2    | Found a huge runed translucent gate.
 62826 | Elf:2    | Found a huge runed translucent gate.
 62826 | Elf:2    | Found a huge runed translucent gate.
 62831 | Elf:2    | Found a huge runed translucent gate.
 63655 | Elf:3    | Entered Level 3 of the Elven Halls
 63676 | Elf:3    | Identified the +7 spear "Newtslayer" {pain, rF+ Str+8 SInv}
 64133 | Elf:3    | Found Tuola's One-of-a-Kind Rings.
 64446 | Elf:3    | Identified the ring of Odae {rC++ rN+ Dex+4 Stlth-}
 65108 | Elf:3    | Identified the +8 great sword "Nodghet" {freeze, rElec
                  | Str+5 Int-2 SInv Stlth-}
 65108 | Elf:3    | Identified the ring of Ihocre {Will+ rCorr EV+5 Dex+2}
 65169 | Elf:3    | Identified the ring of Peto {rElec rC+ Int+6 Dex-3}
 65402 | Elf:3    | Reached skill level 10 in Earth Magic
 65426 | Elf:3    | Learned a level 9 spell: Fire Storm
 65440 | Elf:3    | Identified the staff "Hydra's Death Toll" {Will++ Earth}
 65468 | Elf:3    | Identified the +5 great sword of Jeqa {venom, rF+ rC+
                  | Str+5}
 65580 | Elf:3    | Identified the ring "Hiphetin" {rElec Str+6 Int+7}
 66222 | Crypt:1  | Entered Level 1 of the Crypt
 67317 | Crypt:1  | Noticed Mennas
 67321 | Crypt:1  | Killed Mennas
 67750 | Crypt:2  | Noticed Margery
 67758 | Crypt:2  | Killed Margery
 68138 | Crypt:2  | Reached XP level 25. HP: 165/169 MP: 38/44
 68145 | Crypt:2  | Reached skill level 15 in Fire Magic
 68868 | Crypt:3  | Entered Level 3 of the Crypt
 69620 | Crypt:3  | Found a staircase to the Tomb.
 70566 | Crypt:3  | Found a basalt altar of Yredelemnul.
 70833 | Crypt:3  | Found the +8 pair of quick blades "Gyre" and "Gimble"
                  | {protect}
 70848 | Crypt:3  | Identified the +9 shortbow "Pyeschyhuf" {drain, rF++ rN++
                  | Int-2}
 70849 | Crypt:3  | Identified the staff of Zin's Grace {rElec rF- rC- rN+
                  | Int+5 Necro}
 71784 | D:12     | Killed Azrael
 71917 | D:12     | Killed Maurice
 71917 | D:12     | Noticed Lodul
 71918 | D:12     | Killed Lodul
 72263 | Slime:1  | Entered Level 1 of the Pits of Slime
 72418 | Slime:2  | Noticed Dissolution
 72421 | Slime:2  | Killed Dissolution
 72803 | Slime:4  | Paralysed by a formless jellyfish for 1 turns
 72859 | Slime:4  | Reached skill level 21 in Conjurations
 72912 | Slime:5  | Entered Level 5 of the Pits of Slime
 73061 | Slime:5  | Reached XP level 26. HP: 156/180 MP: 33/45
 73343 | Slime:5  | Reached skill level 22 in Conjurations
 73455 | Slime:5  | Noticed the Royal Jelly
 73460 | Slime:5  | Killed the Royal Jelly
 73877 | Slime:5  | Identified the staff "Fozar" {Fly rCorr Dex+3 Conj}
 73885 | Slime:5  | Got a slimy rune of Zot
 73891 | Slime:5  | Identified the +8 rapier of the Avant Garde God {vamp,
                  | rElec rF- rC++ Int+2}
 73896 | Slime:5  | Identified the staff of Qaem {rF- rN+ MP+9 Stlth+ Necro
                  | Alchemy}
 73934 | Slime:5  | Identified the staff of True Grit {rPois rCorr Int+3
                  | Alchemy}
 73936 | Slime:5  | Identified the +4 lajatang of Profit {speed, rC+ Will+}
 73962 | Slime:5  | Identified the +7 leather armour of the Solstice {+Blink}
 74017 | Slime:5  | Identified the +2 pair of boots of Theory {Dex+2}
 74680 | Vaults:5 | Entered Level 5 of the Vaults
 74683 | Vaults:5 | Reached skill level 23 in Conjurations
 74685 | Vaults:5 | Noticed Xtahua
 74692 | Vaults:5 | Killed Xtahua
 74700 | Vaults:5 | Upgraded the game from 0.32-a0-779-g362cfcae2a to
                  | 0.32-a0-791-gfc315c9ecd
 74814 | Vaults:5 | Reached skill level 24 in Conjurations
 75031 | Vaults:5 | Reached skill level 25 in Conjurations
 75045 | Vaults:5 | Identified the +9 sling of Untimely Demise {drain, rC+}
 75105 | Vaults:5 | Identified the +6 flail of the Priest {freeze, ^Fragile
                  | +Blink Str+2 Int+5}
 75131 | Vaults:5 | Identified the +6 dire flail of Hard Scrabble {freeze,
                  | Dex+3}
 75131 | Vaults:5 | Identified the +3 robe of the Soldier {MP+9}
 75131 | Vaults:5 | Noticed Boris
 75134 | Vaults:5 | Killed Boris
 75146 | Vaults:5 | Identified the +0 robe of Mysticism {Will+}
 75147 | Vaults:5 | Noticed a dread lich
 75149 | Vaults:5 | Killed a dread lich
 75150 | Vaults:5 | Reached skill level 26 in Conjurations
 75150 | Vaults:5 | Reached XP level 27. HP: 72/188 MP: 15/45
 75427 | Vaults:5 | Found Ovuvopa's Magic Scroll Emporium.
 75427 | Vaults:5 | Found Jaiffut's Magic Scroll Shop.
 75532 | Vaults:5 | Got a silver rune of Zot
 75699 | Vaults:5 | Found the +0 cloak of the Thief {Quiet Slay-3 SInv Stlth+}
 75895 | Vaults:5 | Noticed a dread lich
 75896 | Vaults:5 | Paralysed by a dread lich for 2 turns
 75898 | Vaults:5 | Killed a dread lich
 75899 | Vaults:5 | Reached skill level 5 in Evocations
 76028 | Vaults:5 | Found Fobizas's Distillery.
 76033 | Vaults:5 | Bought a potion of brilliance for 64 gold pieces
 76033 | Vaults:5 | Bought a potion of magic for 128 gold pieces
 76033 | Vaults:5 | Bought a potion of lignification for 48 gold pieces
 76184 | Vaults:5 | Identified the +1 pair of gloves of Bufaet {+Inv rC++ Str+4
                  | Dex-4}
 76320 | Vaults:5 | Bought a scroll of amnesia for 60 gold pieces
 76320 | Vaults:5 | Bought a scroll of amnesia for 60 gold pieces
 76329 | Vaults:5 | Learned a level 7 spell: Spellforged Servitor
 76793 | Zot:1    | Entered Level 1 of the Realm of Zot
 77253 | Zot:1    | Noticed an orb of fire
 77255 | Zot:1    | Gained mutation: Your body sometimes deteriorates upon
                  | taking damage. [an orb of fire]
 77257 | Zot:1    | Killed an orb of fire
 77260 | Zot:1    | Noticed an orb of fire
 77375 | Zot:1    | Killed an orb of fire
 77507 | Zot:1    | Identified the +3 robe "Dumyx" {Str+2}
 78454 | Orc:1    | Bought a scroll of immolation for 40 gold pieces
 78454 | Orc:1    | Bought a scroll of enchant armour for 75 gold pieces
 78534 | Elf:1    | Bought a scroll of summoning for 142 gold pieces
 78534 | Elf:1    | Bought a scroll of enchant armour for 112 gold pieces
 78534 | Elf:1    | Bought a scroll of enchant armour for 112 gold pieces
 78703 | Lair:3   | Killed nuthulu's ghost
 78704 | Lair:3   | Reached skill level 10 in Evocations
 78715 | Lair:3   | Identified the ring "Gaotze" {rPois rF- rC+ Int+6}
 79141 | Vaults:5 | Bought a scroll of enchant armour for 112 gold pieces
 81686 | Zot:3    | You are sucked into a shaft and drop 1 floor!
 82226 | Zot:3    | Identified the +5 pair of gloves "Vauroliv" {rC+ SInv}
 82259 | Zot:3    | Found a runed translucent door.
 82259 | Zot:3    | Found a shimmering altar of Xom.
 82259 | Zot:3    | Noticed Uzask's ghost (master HuWn)
 82270 | Zot:3    | Killed Uzask's ghost
 82338 | Zot:3    | Identified the +8 falchion "Demaskua" {drain, rC++ rN+
                  | Int+4}
 83499 | Zot:5    | Entered Level 5 of the Realm of Zot
 83634 | Zot:5    | Learned a level 8 spell: Maxwell's Capacitive Coupling
 84242 | Zot:5    | Noticed a dread lich
 84259 | Zot:5    | Killed a dread lich
 84267 | Zot:5    | Noticed an orb of fire
 84274 | Zot:5    | Killed an orb of fire
 84281 | Zot:5    | Noticed a dread lich
 84289 | Zot:5    | Reached skill level 15 in Armour
 84290 | Zot:5    | Killed a dread lich
 84290 | Zot:5    | Noticed an orb of fire
 84323 | Zot:5    | Killed an orb of fire
 84328 | Zot:5    | Noticed a dread lich
 84329 | Zot:5    | Killed a dread lich
 84457 | Zot:5    | Noticed a dread lich
 84458 | Zot:5    | Paralysed by a dread lich for 3 turns
 84461 | Zot:5    | Killed a dread lich
 85022 | Zot:5    | Upgraded the game from 0.32-a0-791-gfc315c9ecd to
                  | 0.32-a0-799-g95e1662365
 85022 | Zot:5    | Upgraded the game from 0.32-a0-799-g95e1662365 to
                  | 0.32-a0-818-gb728d0252e
 85971 | Depths:2 | Voluntarily entered the Abyss.
 85978 | Abyss:1  | Found a corrupted altar of Lugonu.
 85985 | Abyss:1  | Found a corrupted altar of Lugonu.
 86459 | Abyss:1  | Paralysed by accursed screaming for 1 turns
 87129 | Abyss:3  | Found a corrupted altar of Lugonu.
 87186 | Abyss:3  | Got an abyssal rune of Zot
 87529 | Abyss:3  | Reached skill level 1 in Shapeshifting
 87611 | Depths:2 | Escaped the Abyss
 87898 | Zot:5    | Got the Orb of Zot
 88388 | D:8      | Noticed Qikatiyshre the pandemonium lord
 88567 | D:$      | Escaped with the Orb!

Illustrated notes

Levels and vault maps discovered:
D:1:      eino_arrival_druids_welcome, layout_basic
D:2:      layout_basic, serial_shops, nicolae_shop_advertising_works
          [nicolae_subvault_shop_adworks], basic_altar, grunt_ministairs_13
D:3:      layout_basic, grunt_gozag_statues, basic_ecumenical_altar,
          minmay_misc_feat_cross, serial_park_tiny_1, minivault_27,
          chequers_serial_rivers_small_b
D:4:      cheibrodos_old_hovel, layout_basic, minmay_crystal_room
D:5:      layout_cave_pools, minmay_temple_entry_poolview, serial_gnoll_camp,
          gnoll_camp_mini_basic, gnoll_camp_mini_house, gnoll_camp_mini_hut,
          gnoll_camp_huts_basic, gnoll_camp_mini_shop, gnoll_camp_mini_basic,
          minmay_liquid_box
D:6:      layout_loops_corners, serial_bayou_crossing, uniq_pikel
D:7:      layout_cave_pools, serial_shops, shop, uniq_crazy_yiuf_cottage
D:8:      layout_loops_ring
D:9:      layout_stronghold, nicolae_ru_the_path_less_chosen
D:10:     gammafunk_cloud_chamber, layout_basic, orc_0_dummy, serial_glass,
          glass_columns_b, glass_columns_a, uniq_erica, uniq_harold
D:11:     layout_stronghold, minmay_lair_entry_grove
D:12:     layout_basic, uniq_azrael, uniq_lodul, uniq_nergalle, uniq_maurice
D:13:     hangedman_cross_veins, layout_long_grid, erik_vaults_2,
          gammafunk_ghost_arena
D:14:     layout_basic, reono_crystal_passage, nicolae_twisting_strands
D:15:     hangedman_depths_entry_civil_slaughter, layout_long_grid,
          minmay_diamond_spiral, uniq_agnes
Temple:   mainiacjoe_temple_cubbyholes
Lair:1:   layout_concentric_octagons, gauntlet_entry_generic, special_room
          [special_room_bee]
Lair:2:   layout_loops_ring, evilmike_ambush [evilmike_ambush_outer_basic,
          evilmike_ambush_inner_basic], serial_bayou_shore_a,
          serial_bayou_shore_b
Lair:3:   layout_roguey, elwin_shoals_entry_stream, spider_nest_entry_a,
          gammafunk_ghost_berserking_beasts, evilmike_ambush
          [evilmike_ambush_outer_basic, evilmike_ambush_inner_pond],
          grunt_megastairs_3
Lair:4:   cheibrodos_lair_overgrown_chateau, layout_gridlike,
          chequers_serial_rivers_micro_c, serial_bayou_lagoon_a
Lair:5:   minmay_lair_end_frog_pond, layout_loops_ring,
          dpeg_slime_entry_enclosed, dreamdust_mushroom_princess,
          serial_bayou_pond_c, uniq_josephine
Spider:1: layout_chambers, drop_trap, nicolae_spider_baby_got_redback
Spider:2: nicolae_spider_mines_2, nicolae_spider_webs_and_nodes,
          hellmonk_test_site, uniq_jorgrun
Spider:3: nicolae_spider_brood_tunnel
Spider:4: spider_rune_water
Slime:1:  layout_caves, nicolae_slime_getting_an_eyeful
Slime:2:  layout_caves, uniq_dissolution
Slime:3:  layout_caves
Slime:4:  layout_caves
Slime:5:  slime_pit_nicolae_royal_road_to_ruin
Orc:1:    layout_caves, serial_shops, nicolae_shop_rolled_up, basic_altar
Orc:2:    st_orc_pillars, layout_diamond_mine
Elf:1:    minmay_elf_arrival_circle, layout_loops_cross, serial_shops, shop,
          nicolae_shop_drivethru, shop, kennysheep_underground_church,
          nicolae_elf_free_trip_to_the_abyss
Elf:2:    elven_hall_of_blades_hangedman_alternative [grunt_blade_entry_basic],
          layout_geoelf_grid
Elf:3:    elf_hall_gauntlet_wide, layout_geoelf_diagonals, drop_trap,
          nicolae_shop_unique_rings, dreamdust_princess_bridge
Vaults:1: v_misc_29, st_squares, nicolae_vaults_wine_cellar, v_misc_17,
          vaults_room_stairs_pillars, nicolae_vaults_border_crossing,
          layout_vaults_big_room
Vaults:2: nicolae_vaults_network_quinsquares
          [nicolae_vaults_network_quincunx_subvault,
          nicolae_vaults_network_quincunx_subvault,
          nicolae_vaults_network_quincunx_subvault,
          nicolae_vaults_network_quincunx_subvault],
          nicolae_vaults_network_star, nicolae_vaults_offset_grid_hallway_2,
          nicolae_vaults_swerve, nicolae_vaults_sightless_eye,
          ontoclasm_vaults_bender, serial_library_regret_index_headful,
          nicolae_vaults_arrows, nicolae_vaults_closet_pinwheel_6,
          nicolae_vaults_tetromino_T_2, nicolae_vaults_theta,
          nicolae_vaults_surprise_closet, layout_vaults_omnibox, uniq_boris
Vaults:3: nicolae_vaults_tangram_1, vaults_mumra_bighexcomb, vaults_room_boxed,
          v_misc_23, v_misc_33, nicolae_vaults_offset_grid_hallway_4,
          nicolae_vaults_more_shelving_1, minmay_crypt_entry_necro_gods,
          nicolae_vaults_taking_the_gang_shopping, layout_vaults_omnigrid,
          serial_shops, nicolae_shop_overgrown_old_shop, uniq_zenata
Vaults:4: nicolae_vaults_little_squares_2, nicolae_vaults_double_plus_2,
          nicolae_vaults_house_2, nicolae_vaults_what_the_h,
          nicolae_vaults_storage_closets_1, v_misc_18, v_rooms_6,
          hangedman_vaults_snaps, serial_library_hellmonk_big_corner,
          lightli_orcish_oven, nicolae_vaults_apartment_1,
          nicolae_vaults_an_arrangement, v_misc_8, layout_vaults_maze_bifur,
          serial_magic_research, hangedman_research_pyrotechnics,
          hangedman_research_toxicology, hangedman_research_thermodynamics,
          hangedman_research_thanatology, serial_shops, shop
Vaults:5: uniq_xtahua
Crypt:1:  layout_misc_corridors, nicolae_crypt_ancient_font, st_stairs_13,
          grunt_crypt_arrival_split, grunt_megastairs_4, uniq_mennas
Crypt:2:  layout_misc_corridors, st_stairs_12, minivault_19, uniq_margery
Crypt:3:  church_of_pain_bobbens, layout_chaotic_city
Depths:1: layout_cave_pools, serial_shops, nicolae_diamond_shop, hellmouth_1,
          nicolae_island_escapes
Depths:2: hangedman_slaughterboxes, pan_entry, abyss_entry, hell_entry,
          uniq_enchantress, uniq_asterion, uniq_mara
Depths:3: minmay_the_grid_triangle_9x9_line_8_mashed
          [minmay_the_grid_triangle_9x9_wacky_v,
          minmay_the_grid_triangle_9x9_windchime,
          minmay_the_grid_triangle_9x9_from_above,
          minmay_the_grid_triangle_9x9_corruption,
          minmay_the_grid_triangle_9x9_checkered,
          minmay_the_grid_triangle_9x9_impossible_snake,
          minmay_the_grid_triangle_9x9_flanged_cone,
          minmay_the_grid_triangle_9x9_prize_top_heavy], layout_cave_pools,
          serial_bayou_pond_d, hell_entry, serial_glass, glass_columns_c,
          glass_columns_b, minmay_strange_pillars, minmay_strange_pillars,
          minmay_strange_pillars, hangedman_abyss_entry_splay
Depths:4: grunt_x_marks_the_spot, layout_gridlike, enter_ziggurat_b,
          lightli_too_deep, grunt_pan_entry_spiral,
          nicolae_qazlal_style_of_elements, enter_trove_1
Zot:1:    cheibrodos_frozen_isle, layout_cathedral_of_symmetry,
          grunt_megastairs_5
Zot:2:    layout_basic, regret_index_zotdec_split_disrupt, lemuel_flame_loot_1
Zot:3:    layout_gridville, bh_zot_levy_curve, ebering_ghost_xom,
          grunt_ministairs_9
Zot:4:    layout_concentric_octagons, nicolae_zot_crop_circle
Zot:5:    layout_twisted_circle

Skill      XL: |  1  2  3  4  5  6  7  8  9 10 11 12 13 14 15 16 17 18 19 20 21 22 23 24 25 26 27 |
---------------+----------------------------------------------------------------------------------+-----
Air Magic      | 5 6 7 9 11 12 13 16 19 20 23 | 23.2
Short Blades   | 1 2 3 4 5 |  5.0
Conjurations   | 2 3 4 7 8 10 13 15 17 18 20 21 26 | 26.2
Maces & Flails | 1 |  1.8
Spellcasting   | 4 5 7 8 10 12 13 16 17 | 17.1
Earth Magic    | 1 3 7 10 | 10.0
Dodging        | 5 7 8 9 10 11 12 13 14 16 17 18 19 25 | 25.3
Fighting       | 1 3 5 7 8 10 11 12 16 17 19 20 22 23 | 23.9
Summonings     | 2 6 |  6.2
Armour         | 6 10 11 12 16 | 16.5
Evocations     | 2 3 4 10 | 10.0
Axes           | 3 |  3.0
Staves         | 1 5 8 |  8.0
Fire Magic     | 5 6 7 11 14 15 | 15.0
Translocations | 1 |  1.4
Ice Magic      | 4 5 |  5.0
Shapeshifting  | 4 |  4.7
Ranged Weapons | |  0.6
Throwing       | |  0.4
Stealth        | |  2.0
Shields        | |  0.6
Hexes          | |  0.2
Necromancy     | |  0.7
Alchemy        | |  0.1
Invocations    | |  0.3

Action                     |  1- 3 |  4- 6 |  7- 9 | 10-12 | 13-15 | 16-18 | 19-21 | 22-24 | 25-27 || total
---------------------------+-------+-------+-------+-------+-------+-------+-------+-------+-------++-------
  Melee: Short sword       |    30 |       |       |       |       |       |       |       |       ||    30
         Kick              |    19 |    21 |    29 |    11 |    30 |     9 |     5 |    22 |   108 ||   254
         Unarmed           |     1 |       |       |     2 |       |       |       |       |       ||     3
         Dagger            |    39 |    87 |    85 |       |       |       |       |       |       ||   211
         Peck              |     6 |    16 |    14 |     8 |    15 |     5 |     4 |    13 |    70 ||   151
         Staff             |       |       |     1 |     5 |    72 |    29 |    12 |    49 |   212 ||   380
         Whip              |       |       |       |    21 |       |       |       |       |       ||    21
         Hand axe          |       |       |       |    18 |       |       |       |       |       ||    18
   Cast: Shock             |    24 |    55 |   221 |    75 |   361 |   270 |   279 |   261 |   174 ||  1720
         Static Discharge  |       |     7 |    16 |     3 |     2 |       |       |       |       ||    28
         Swiftness         |       |     1 |     2 |     1 |       |       |       |       |     1 ||     5
         Airstrike         |       |       |    16 |    29 |    15 |    34 |    13 |    12 |   108 ||   227
         Stone Arrow       |       |       |    15 |   120 |   204 |   240 |   243 |   216 |   224 ||  1262
         Summon Lightning  |       |       |     4 |    44 |   123 |    68 |    20 |       |       ||   259
         Iskenderun's Batt |       |       |       |       |    66 |       |       |       |       ||    66
         Plasma Beam       |       |       |       |       |    39 |    36 |   107 |    52 |    61 ||   295
         Blink             |       |       |       |       |     5 |     3 |     2 |       |     1 ||    11
         Bombard           |       |       |       |       |       |   113 |    76 |    47 |       ||   236
         Fireball          |       |       |       |       |       |    22 |    18 |     1 |       ||    41
         Chain Lightning   |       |       |       |       |       |       |    27 |    93 |   110 ||   230
         Freezing Cloud    |       |       |       |       |       |       |     4 |    21 |    13 ||    38
         Lehudib's Crystal |       |       |       |       |       |       |       |    84 |   298 ||   382
         Fire Storm        |       |       |       |       |       |       |       |     2 |    18 ||    20
         Spellforged Servi |       |       |       |       |       |       |       |       |    57 ||    57
         Maxwell's Capacit |       |       |       |       |       |       |       |       |     7 ||     7
  Evoke: Wand              |       |       |     2 |     4 |     2 |    11 |       |       |     6 ||    25
    Use: Potion            |       |       |     2 |     5 |       |     6 |       |     3 |    11 ||    27
         Scroll            |       |       |     2 |    18 |    12 |    14 |     4 |     4 |    17 ||    71
   Stab: Sleeping          |     4 |    10 |       |       |       |       |       |       |     1 ||    15
         Distracted        |     1 |       |       |     1 |     2 |       |       |       |     1 ||     5
 Armour: Robe              |    22 |    49 |   116 |    18 |       |     5 |    83 |   115 |   107 ||   515
         Ring mail         |       |       |       |    95 |    10 |       |       |       |       ||   105
         Skin              |       |       |       |     1 |       |       |       |       |       ||     1
         Leather armour    |       |       |       |       |   123 |   113 |       |       |       ||   236
         Fire dragon scale |       |       |       |       |       |       |       |       |   180 ||   180
  Dodge: Dodged            |    48 |    46 |   141 |   180 |   310 |   343 |   214 |   244 |   402 ||  1928
         Repelled          |       |       |       |       |     7 |     2 |    18 |    35 |    19 ||    81

Table legend: (Time is in decaauts)
 A = Elapsed time spent in this place.
 B = Non-inter-level travel time spent in this place.
 C = Inter-level travel time spent in this place.
 D = Time resting spent in this place.
 E = Time spent auto-exploring this place.
 F = Levels seen in this place.
 G = Mean time per level.
                   A        B        C        D        E       F      G
               +--------+--------+--------+--------+--------+-----+--------+
         Total |  88560 |  78289 |  10271 |  31289 |  35823 |  56 | 1581.4 |
       Dungeon |  24158 |  19903 |   4255 |   6942 |  10333 |  15 | 1610.5 |
        Temple |    100 |      1 |     99 |      0 |      0 |   1 |  100.0 |
          Lair |   8663 |   7992 |    671 |   2526 |   4436 |   5 | 1732.6 |
   Spider Nest |   7437 |   6989 |    448 |   3672 |   2487 |   4 | 1859.2 |
    Slime Pits |   1820 |   1624 |    196 |    533 |    811 |   5 |  364.0 |
  Orcish Mines |   3366 |   3051 |    315 |   1628 |    993 |   2 | 1683.0 |
   Elven Halls |   5374 |   5050 |    324 |   2502 |   1855 |   3 | 1791.3 |
        Vaults |  13649 |  11750 |   1899 |   4897 |   5047 |   5 | 2729.8 |
         Crypt |   5342 |   5166 |    176 |   2348 |   2039 |   3 | 1780.7 |
        Depths |   9185 |   7851 |   1334 |   4350 |   2539 |   4 | 2296.2 |
           Zot |   7070 |   6521 |    549 |   1542 |   3978 |   5 | 1414.0 |
         Abyss |   1611 |   1611 |      0 |    205 |    922 |   3 |  537.0 |
      Gauntlet |    780 |    780 |      0 |    144 |    383 |   1 |  780.0 |
               +--------+--------+--------+--------+--------+-----+--------+

Top non-repeatable levels by time:
Depths:2: 4032 daAuts
Vaults:4: 3486 daAuts
Vaults:1: 2915 daAuts
Vaults:2: 2897 daAuts
    D:13: 2728 daAuts
Vaults:3: 2623 daAuts
    D:10: 2501 daAuts
Depths:4: 2484 daAuts
 Crypt:3: 2380 daAuts
   Orc:2: 2327 daAuts
Spider:1: 2292 daAuts
    D:15: 2275 daAuts
   Elf:3: 2138 daAuts
  Lair:1: 2081 daAuts
Spider:4: 2044 daAuts
